 Dungeon Crawl Stone Soup version 0.24.0-2-g5b39cebb1c (webtiles) character file.

Game seed: 7592828438021052626, levelgen mode: deterministic

77 tv1990 the Digger (level 4, -6/36 HPs)
             Began as a Gargoyle Earth Elementalist on Oct 31, 2019.
             Killed by divine providence
             ... invoked by an orc priest
              (14 damage)
             ... on level 3 of the Dungeon.
             The game lasted 00:04:53 (2235 turns).

tv1990 the Digger (Gargoyle Earth Elementalist)     Turns: 2235, Time: 00:04:54

Health: -6/36      AC:  7    Str: 16    XL:     4   Next: 34%
Magic:  4/8        EV: 12    Int: 17    God:
Gold:   93         SH:  0    Dex: 10    Spells: 4/8 levels left

rFire    . . .     SeeInvis .   o - -1 dagger (curse)
rCold    . . .     Gourm    +   (no shield)
rNeg     + . .     Faith    .   c - +0 robe
rPois    ∞         Spirit   .   (no helmet)
rElec    +         Reflect  .   (no cloak)
rCorr    +         Harm     .   (no gloves)
MR       .....                  h - +1 pair of boots
Stlth    ..........             n - amulet of the gourmand
HPRegen  0.12/turn              l - ring of resist corrosion
MPRegen  0.11/turn              (no ring)

@: berserking, very quick
A: negative energy resistance 1, electricity resistance, unbreathing,
petrification resistance, rot immunity, AC +3
a: no special abilities


You were on level 3 of the Dungeon.
You were hungry.

You visited 1 branch of the dungeon, and saw 3 of its levels.

You collected 93 gold pieces.

Inventory:

Hand Weapons
 e - a -3 spear
 o - a cursed -1 dagger (weapon)
Missiles
 b - 75 stones (quivered)
Armour
 c - a +0 robe (worn)
 h - a +1 pair of boots (worn)
Jewellery
 l - a ring of resist corrosion (left hand)
 n - an amulet of the gourmand (around neck)
Scrolls
 j - a scroll of identify {unknown}
 p - 2 scrolls of teleportation
 q - a scroll of amnesia {unknown}
Potions
 f - 2 potions of curing {unknown}
 i - 2 potions of might {unknown}
 k - 2 potions of haste {unknown}
 m - a potion of cancellation {unknown}
Comestibles
 d - 5 rations


   Skills:
 - Level 1.5 Dodging
 - Level 2.1 Stealth
 + Level 2.8 Spellcasting
   Level 0.7 Transmutations
 * Level 5.4 Earth Magic


You had 4 spell levels left.
You knew the following spells:

 Your Spells              Type           Power        Failure   Level  Hunger
a - Sandblast             Erth           ###...       1%          1    #......
b - Stone Arrow           Conj/Erth      ##....       17%         3    ###....

Your spell library contained the following spells:

 Spells                   Type           Power        Failure   Level  Hunger
 Passwall                 Tmut/Erth      ##......     8%          2    ##.....
 Petrify                  Tmut/Erth      ##......     45%         4    #####..
 Lee's Rapid Deconstruct  Erth           ###.......   47%         5    ######.


Dungeon Overview and Level Annotations

Branches:
Dungeon (3/15)

Altars:
The Shining One


Innate Abilities, Weirdness & Mutations

You are resistant to torment.
Your stone body is resilient. (AC +3)
You are immune to poison.
You resist negative energy. (rN+)
You are resistant to electric shocks. (rElec)
You can survive without breathing.
You are immune to petrification.
You are immune to rotting.


Message History

The orc priest hits you with a +0 short sword.
* * * LOW HITPOINT WARNING * * *
You barely miss the orc priest.
The orc priest is heavily wounded.
You closely miss the orc priest.
The orc priest is heavily wounded.
The orc priest mumbles some strange prayers to Beogh against you.
Pain shoots through your body!
* * * LOW HITPOINT WARNING * * *
You barely miss the orc priest.
The orc priest is heavily wounded.
The orc priest hits you with a +0 short sword.
* * * LOW HITPOINT WARNING * * *
You completely miss the orc priest.
The orc priest is heavily wounded.
You hit the orc priest.
The orc priest is heavily wounded.
The orc priest mumbles some strange prayers to Beogh against you.
Beogh smites you!
You die...

#.... #...# #...
#...# # ..# ##...##.#
... ........ ...
#...##.# #.#
##<..##.# #g#
........# #o#
####.##.# #@#
#.##.########.##.###
#....................
####.########.##.###.
### ### #


You could see an orc priest and a goblin.

Vanquished Creatures
  An orc wizard (D:3)
  An adder (D:2)
  A worm (D:2)
  2 dart slugs
  2 leopard geckos
  5 bats
  3 giant cockroaches
  2 goblins
  5 hobgoblins
  2 kobolds (D:2)
  A quokka (D:2)
  A frilled lizard (D:2)
  5 rats
31 creatures vanquished.

Notes
Turn   | Place    | Note
-------+----------+-------------------------------------------
     0 | D:1      | tv1990 the Gargoyle Earth Elementalist began the quest for
                  | the Orb.
     0 | D:1      | Reached XP level 1. HP: 10/10 MP: 3/3
   340 | D:1      | Reached skill level 4 in Earth Magic
   626 | D:1      | Reached XP level 2. HP: 15/15 MP: 3/5
  1159 | D:2      | Reached XP level 3. HP: 19/19 MP: 3/6
  1287 | D:2      | Learned a level 3 spell: Stone Arrow
  1807 | D:2      | Reached skill level 5 in Earth Magic
  2096 | D:2      | Found a glowing golden altar of the Shining One.
  2229 | D:3      | Reached XP level 4. HP: 16/24 MP: 3/8
  2235 | D:3      | Killed from afar by an orc priest

Skill      XL: |  1  2  3 |
---------------+----------+-----
Earth Magic    | 4 5 |  5.4
Dodging        | |  1.5
Stealth        | |  2.1
Spellcasting   | |  2.8
Transmutations | |  0.7

Action                   |  1- 3 |  4- 6 || total
-------------------------+-------+-------++-------
Melee: Spear             |    52 |       ||    52
       Dagger            |    97 |     6 ||   103
 Cast: Sandblast         |    21 |       ||    21
       Stone Arrow       |     1 |       ||     1
  Use: Scroll            |     6 |       ||     6
       Potion            |     2 |       ||     2
 Stab: Sleeping          |     6 |       ||     6
  Eat: Chunk             |     7 |       ||     7
Armor: Robe              |    53 |       ||    53
Dodge: Dodged            |   101 |       ||   101

Levels and vault maps discovered:
D:1:      dpeg_arrival_boxes_within_box, layout_basic
D:2:      minmay_kobold_bridge, layout_basic, tso_altar, first_ration
D:3:      layout_basic, fedhas_ov_isle_minmay, uniq_sigmund
